AoeStats
← Erickinio

Arena

509992571Analyzed
4v4 RM · 2d ago on Sep 29, 2026· 45m 28s· 8 players
Game mode
Random Map
Map size
Large (8 player)
Population
200
Speed
Normal
Resources
Standard
Victory
Conquest
Starting age
Dark Age
Ending age
Imperial Age
RankedLock teamsTeams togetherTeam positionsShared explorationLock speedFull tech treeHidden civsTurbo modeCheats
Victory
Defeat
🇩🇪 Burgundians · Germany
976
+15
🇧🇷 Mongols · Brazil
958
+16
🇨🇳 Britons · China
939
+17
🇦🇷 Celts · Argentina
907
+18
🇸🇪 Malay · Sweden
1024
-19
🇨🇳 Byzantines · China
976
-17
🇨🇳 Italians · China
929
-15
🇮🇩 Portuguese · Indonesia
909
-15
Zap!
9:24 Feudal Age
9:46 Loom
9:57 Double-Bit Axe
13:11 Forging
13:48 Horse Collar
16:55 Castle Age
20:29 Bow Saw
20:56 Fletching
21:51 Bodkin Arrow
22:48 Wheelbarrow
23:52 Husbandry
25:12 Padded Archer Armor
26:39 Gold Mining
28:21 Ballistics
28:44 Hand Cart
29:12 Leather Archer Armor
34:12 Imperial Age
32:15 Masonry
32:28 Bloodlines
33:11 Nomads
33:15 Stone Mining
34:37 Thumb Ring
35:31 Conscription
35:29 Bracer
38:49 Scale Barding Armor
43:12 Chemistry
43:23 Hoardings
43:30 Stone Shaft Mining
43:50 Elite Mangudai
戏皇。
9:20 Feudal Age
12:35 Double-Bit Axe
12:38 Horse Collar
15:59 Gold Mining
16:00 Stone Mining
21:27 Castle Age
20:06 Fletching
20:17 Padded Archer Armor
21:36 Crossbowman
24:11 Bow Saw
24:36 Bodkin Arrow
26:31 Gold Shaft Mining
28:39 Wheelbarrow
27:51 Town Watch
27:51 Loom
36:21 Imperial Age
34:43 Ballistics
34:35 Fortified Wall
34:21 Murder Holes
34:08 Treadmill Crane
34:39 Masonry
34:59 Leather Archer Armor
37:43 Bracer
38:14 Ring Archer Armor
38:02 Hand Cart
38:10 Arbalester
39:49 Yeomen
41:15 Chemistry
40:46 Architecture
41:37 Conscription
40:38 Elite Longbowman
41:21 Warwolf
xeniltildor
11:52 Feudal Age
16:03 Castle Age
15:15 Double-Bit Axe
15:13 Horse Collar
16:39 Bow Saw
16:34 Heavy Plow
18:56 Two-Man Saw
19:03 Crop Rotation
26:21 Forging
26:17 Scale Barding Armor
26:14 Gold Mining
26:15 Stone Mining
27:03 Wheelbarrow
30:09 Imperial Age
28:07 Cavalier
28:48 Husbandry
28:08 Light Cavalry
29:27 Iron Casting
28:27 Pikeman
29:08 Squires
28:53 Arson
29:54 Chain Barding Armor
30:39 Paladin
33:03 Blast Furnace
32:39 Plate Barding Armor
33:30 Conscription
38:45 Hussar
41:03 Stone Shaft Mining
41:04 Gold Shaft Mining
Erickinio
10:59 Feudal Age
11:48 Man-at-Arms
12:48 Arson
13:15 Forging
13:20 Loom
16:17 Double-Bit Axe
21:24 Wheelbarrow
24:52 Castle Age
23:04 Scale Mail Armor
23:57 Gold Mining
23:57 Stone Mining
25:00 Pikeman
25:25 Gambesons
29:56 Bow Saw
29:28 Horse Collar
30:03 Stone Mining
32:46 Masonry
33:55 Chain Mail Armor
35:37 Ballistics
35:33 Heavy Plow
37:51 Stronghold
39:40 Fortified Wall
42:12 Imperial Age
39:49 Long Swordsman
41:06 Iron Casting
40:42 Murder Holes
43:17 Conscription
42:50 Halberdier
44:54 Furor Celtica
44:40 Heavy Scorpion
46:36 Blast Furnace
Kvintus pappa
3:26 Loom
10:10 Feudal Age
9:48 Double-Bit Axe
9:45 Horse Collar
11:53 Wheelbarrow
17:57 Castle Age
16:39 Scale Barding Armor
17:30 Forging
20:43 Bow Saw
21:37 Iron Casting
23:01 Gold Mining
25:12 Heavy Plow
26:04 Fletching
26:15 Padded Archer Armor
29:20 Imperial Age
27:27 Bodkin Arrow
27:48 Leather Archer Armor
28:57 Man-at-Arms
31:02 Blast Furnace
30:05 Bracer
29:32 Elite Skirmisher
32:11 Ballistics
32:57 Chemistry
32:11 Town Watch
32:32 Husbandry
34:10 Light Cavalry
35:44 Pikeman
37:00 Halberdier
38:13 Elite Battle Elephant
39:12 Stone Mining
43:31 Gold Shaft Mining
495556203
0:28 Loom
11:11 Feudal Age
12:35 Wheelbarrow
11:48 Double-Bit Axe
11:45 Horse Collar
11:58 Gold Mining
13:36 Man-at-Arms
15:09 Town Watch
18:00 Forging
17:50 Scale Mail Armor
18:34 Stone Mining
22:07 Castle Age
22:03 Padded Archer Armor
21:54 Fletching
23:15 Hand Cart
23:14 Bow Saw
23:09 Heavy Plow
23:46 Stone Shaft Mining
23:14 Bodkin Arrow
23:34 Leather Archer Armor
27:11 Long Swordsman
27:53 Squires
28:57 Iron Casting
30:25 Ballistics
30:01 Murder Holes
30:39 Chain Mail Armor
31:16 Town Patrol
35:30 Imperial Age
32:47 Light Cavalry
34:33 Bloodlines
34:26 Husbandry
36:48 Ring Archer Armor
36:19 Bracer
37:37 Blast Furnace
37:44 Chemistry
36:55 Fortified Wall
38:11 Hussar
38:59 Scale Barding Armor
39:25 Plate Mail Armor
41:22 Two-Man Saw
40:57 Crop Rotation
ayon
0:28 Loom
12:00 Feudal Age
18:26 Castle Age
17:32 Stone Mining
17:32 Gold Mining
17:39 Gold Mining
19:12 Wheelbarrow
18:22 Town Watch
18:45 Double-Bit Axe
21:26 Stone Shaft Mining
23:13 Bow Saw
29:54 Imperial Age
28:28 Hand Cart
29:10 Heated Shot
32:48 Chemistry
35:13 Two-Man Saw
34:16 Town Patrol
34:47 Arquebus
34:33 Pikeman
35:16 Husbandry
34:36 Cavalier
35:34 Halberdier
38:14 Elite Organ Gun
42:09 Scale Barding Armor
42:15 Forging
42:06 Scale Mail Armor
42:14 Siege Engineers
42:20 Masonry
42:31 Ballistics
43:36 Chain Barding Armor
panda
2:39 Loom
11:33 Feudal Age
16:19 Castle Age
14:24 Double-Bit Axe
14:29 Horse Collar
19:22 Heavy Plow
29:44 Imperial Age
27:55 Wheelbarrow
27:16 Crossbowman
27:21 Elite Skirmisher
28:00 Fletching
28:35 Thumb Ring
29:26 Hand Cart
29:26 Bow Saw
30:25 Ballistics
30:04 Bodkin Arrow
29:58 Arbalester
31:45 Conscription
32:48 Chemistry
32:33 Bracer
32:34 Padded Archer Armor
34:59 Leather Archer Armor
37:13 Two-Man Saw
38:19 Ring Archer Armor
37:59 Forging
37:51 Scale Mail Armor
37:38 Pikeman
38:20 Squires
39:06 Halberdier
41:08 Iron Casting
40:49 Chain Mail Armor
41:27 Fortified Wall
Connection lost

Rejoining the realm…

Still unreachable

The connection could not be restored.

Session expired

The server has moved on; the page needs a fresh start.